 Dungeon Crawl Stone Soup version 0.21.1-1-g345015f (webtiles) character file.

434 Fang the Chopper (level 7, 0/44 HPs)
             Began as a Gargoyle Berserker on May 23, 2018.
             Was a Priest of Trog.
             Slain by a gnoll sergeant
             ... wielding a +0 trident
              (2 damage)
             ... on level 3 of the Dungeon.
             The game lasted 00:03:03 (2228 turns).

Fang the Chopper (Gargoyle Berserker)               Turns: 2228, Time: 00:03:04

Health: 0/44       AC:  7    Str: 23    XL:     7   Next: 0%
Magic:  7/7        EV: 13    Int:  7    God:    Trog [***...]
Gold:   135        SH:  0    Dex:  9    Spells: 6/6 levels left

rFire    . . .     SeeInvis .   a - +0 hand axe
rCold    . . .     Gourm    .   (no shield)
rNeg     + . .     Faith    .   b - +0 animal skin
rPois    ∞         Spirit   .   (no helmet)
rElec    +         Reflect  .   (no cloak)
rCorr    .         Harm     .   (no gloves)
MR       .....                  (no boots)
Stlth    ++........             (no amulet)
HPRegen  0.14/turn              (no ring)
MPRegen  0.10/turn              (no ring)

@: berserk cooldown, slowed, very slow
A: negative energy resistance 1, electricity resistance, unbreathing,
petrification resistance, rot immunity, AC +4
a: Berserk, Trog's Hand, Burn Spellbooks, Renounce Religion


You were on level 3 of the Dungeon.
You worshipped Trog.
Trog was most pleased with you.
You were very hungry.

You visited 1 branch of the dungeon, and saw 3 of its levels.

You collected 135 gold pieces.

Inventory:

Hand Weapons
 a - a +0 hand axe (weapon)
Armour
 b - a +0 animal skin (worn)
Wands
 i - a wand of random effects (32)
Scrolls
 d - a scroll of fear {unknown}
 e - 3 scrolls of amnesia {unknown}
 f - 3 scrolls of identify {unknown}
 j - 2 scrolls of blinking {unknown}
 k - 2 scrolls of teleportation {unknown}
 l - a scroll of magic mapping {unknown}
 p - a scroll of remove curse {unknown}
Potions
 g - a potion of heal wounds {unknown}
 h - a potion of curing {unknown}
 n - a potion of cancellation {unknown}
 o - a potion of mutation {unknown}
Comestibles
 c - 5 rations
 m - 2 chunks of flesh


   Skills:
 + Level 4.8 Fighting
 + Level 5.1 Axes
 + Level 2.3 Armour
 + Level 3.1 Dodging
 + Level 1.7 Stealth


You had 6 spell levels left.
You didn't know any spells.

Dungeon Overview and Level Annotations

Branches:
Dungeon (3/15)

Altars:
Fedhas
Xom


Innate Abilities, Weirdness & Mutations

You are resistant to torment.
Your stone body is resilient. (AC +4)
You are immune to poison.
You resist negative energy. (rN+)
You are resistant to electric shocks. (rElec)
You can survive without breathing.
You are immune to petrification.
You are immune to rotting.


Message History

You barely miss the gnoll sergeant.
The gnoll sergeant is lightly wounded.
You closely miss the gnoll.
You are no longer berserk.
You are exhausted.
You feel yourself slow down.
The gnoll sergeant hits you with a trident.
* * * LOW HITPOINT WARNING * * *
You barely miss the gnoll sergeant.
The gnoll sergeant is lightly wounded.
You hit the gnoll. The gnoll hits you.
* * * LOW HITPOINT WARNING * * *
The gnoll sergeant hits you but does no damage.
The gnoll hits you.
* * * LOW HITPOINT WARNING * * *
You hit the gnoll sergeant but do no damage.
The gnoll sergeant is lightly wounded.
You hit the gnoll. The gnoll sergeant barely misses you. The gnoll misses you.
The gnoll sergeant hits you with a trident.
You die...

≈≈≈≈≈≈≈≈....≈≈≈≈≈≈≈
...................
########''''#####
#....# #....#
#....#
++#######....#
.......†#....#
......g@g....+
.......))....+
........#8..8#
##############


You could see a gnoll sergeant and a gnoll.

Vanquished Creatures
  Purgy (D:3)
  Jessica (D:2)
  A gnoll shaman (D:3)
  An orc wizard (D:3)
  9 gnolls (D:3)
  7 adders
  An ooze (D:3)
  A worm (D:2)
  A dart slug (D:1)
  3 leopard geckos
  4 orcs (D:3)
  6 giant cockroaches
  9 hobgoblins
  14 jackals
  2 quokkas (D:3)
  7 bats
  5 frilled lizards
  3 goblins
  10 kobolds
  10 rats
96 creatures vanquished.

Notes
Turn   | Place    | Note
-------+----------+-------------------------------------------
     0 | D:1      | Fang the Gargoyle Berserker began the quest for the Orb.
     0 | D:1      | Reached XP level 1. HP: 14/14 MP: 1/1
   194 | D:1      | Reached XP level 2. HP: 17/20 MP: 2/2
   487 | D:1      | Reached ** piety under Trog
   487 | D:1      | Reached XP level 3. HP: 14/24 MP: 3/3
   725 | D:2      | Reached skill level 3 in Axes
   960 | D:2      | Found a shimmering altar of Xom.
  1044 | D:2      | Reached XP level 4. HP: 25/29 MP: 4/4
  1117 | D:2      | Noticed Jessica
  1126 | D:2      | Killed Jessica
  1424 | D:3      | Reached *** piety under Trog
  1424 | D:3      | Reached XP level 5. HP: 33/33 MP: 5/5
  1424 | D:3      | Reached skill level 1 in Stealth
  1428 | D:3      | Reached skill level 4 in Axes
  1684 | D:3      | Found a blossoming altar of Fedhas.
  1788 | D:3      | Reached XP level 6. HP: 34/39 MP: 6/6
  1888 | D:3      | Noticed Purgy
  1902 | D:3      | Killed Purgy
  2219 | D:3      | Reached skill level 5 in Axes
  2224 | D:3      | Reached XP level 7. HP: 25/44 MP: 7/7
  2227 | D:3      | HP: 1/44 [gnoll (2)]
  2228 | D:3      | Slain by a gnoll sergeant

Skill      XL: |  1  2  3  4  5  6 |
---------------+-------------------+-----
Dodging        | 2 3 |  3.1
Fighting       | 4 |  4.8
Axes           | 3 4 5 |  5.1
Stealth        | 1 |  1.7
Armour         | |  2.3

Action                   |  1- 3 |  4- 6 |  7- 9 || total
-------------------------+-------+-------+-------++-------
Melee: Hand axe          |   130 |   163 |     3 ||   296
Invok: Berserk           |     1 |     4 |       ||     5
 Stab: Sleeping          |     3 |     2 |       ||     5
  Eat: Chunk             |     1 |     7 |       ||     8
Armor: Animal skin       |    63 |    67 |     1 ||   131
Dodge: Dodged            |   118 |   153 |     3 ||   274
